 Dungeon Crawl Stone Soup version 0.22-a0-259-gdd11e71 (webtiles) character file.

2163 tidbits the Insei (level 9, 0/67 HPs)
             Began as a Gnoll Transmuter on Mar 5, 2018.
             Was an Initiate of Cheibriados.
             Slain by RoseArtemis's ghost (7 damage)
             ... on level 8 of the Dungeon.
             The game lasted 00:17:51 (2096 turns).

tidbits the Insei (Gnoll Transmuter)                Turns: 2096, Time: 00:17:52

Health: 0/67       AC:  2    Str: 13 (14) XL:     9   Next: 32%
Magic:  15/18      EV: 22    Int: 18 (19) God:    Cheibriados [......]
Gold:   237        SH:  0    Dex: 20 (22) Spells: 12/21 levels left

rFire    . . .     SeeInvis .   k - +2 dagger (flame)
rCold    . . .     Gourm    .   (no shield)
rNeg     . . .     Faith    .   b - +0 robe
rPois    .         Spirit   .   (no helmet)
rElec    .         Reflect  .   (no cloak)
rCorr    .         Harm     .   (no gloves)
MR       +....                  (no boots)
Stlth    ++++......             (no amulet)
HPRegen  0.21/turn              H - ring of protection from magic
MPRegen  0.16/turn              (no ring)

@: agile, flying, very slow
A: distributed training, fangs 1, strong nose
a: Bend Time, Renounce Religion


You were on level 8 of the Dungeon.
You worshipped Cheibriados.
Cheibriados was noncommittal.
You were not hungry.

You visited 2 branches of the dungeon, and saw 9 of its levels.

You collected 237 gold pieces.

Inventory:

Hand Weapons
 e - a +0 hunting sling
 i - a +0 short sword
 k - a +2 dagger of flaming (weapon)
   (You took it off a goblin on level 3 of the Dungeon)
 y - a +1 whip of venom
   (You took it off an orc on level 7 of the Dungeon)
Missiles
 a - 142 arrows
 c - 28 sling bullets
 g - 21 bolts
 j - 40 stones
 t - 8 tomahawks (quivered)
Armour
 b - a +0 robe (worn)
 m - a cursed +0 ring mail
 A - a cursed +0 scale mail
Magical Staves
 q - an uncursed staff of poison
   (You found it on level 4 of the Dungeon)
Jewellery
 H - a ring of protection from magic (left hand)
   (You found it on level 3 of the Dungeon)
Wands
 u - a wand of flame (38)
Scrolls
 h - 2 scrolls of amnesia
 n - a scroll of teleportation
 r - 3 scrolls of remove curse
 s - a scroll of fog {unknown}
 x - a scroll of fear
Potions
 f - 2 potions of magic
 o - a potion of curing
 z - a potion of haste {unknown}
Comestibles
 d - 4 rations


   Skills:
 + Level 4.9 Fighting
 + Level 4.0 Short Blades
 + Level 4.0 Long Blades
 + Level 4.0 Axes
 + Level 4.0 Maces & Flails
 + Level 4.0 Polearms
 + Level 4.0 Staves
 + Level 4.0 Slings
 + Level 4.0 Bows
 + Level 4.0 Crossbows
 + Level 4.0 Throwing
 + Level 4.0 Armour
 + Level 6.2 Dodging
 + Level 4.0 Stealth
 + Level 4.0 Shields
 + Level 7.8 Unarmed Combat
 + Level 6.5 Spellcasting
 + Level 3.3 Conjurations
 + Level 3.3 Hexes
 + Level 3.3 Charms
 + Level 3.3 Summonings
 + Level 3.3 Necromancy
 + Level 3.3 Translocations
 + Level 5.1 Transmutations
 + Level 3.3 Fire Magic
 + Level 3.3 Ice Magic
 + Level 3.3 Air Magic
 + Level 3.3 Earth Magic
 + Level 3.3 Poison Magic
 + Level 4.4 Invocations
 + Level 4.0 Evocations


You had 12 spell levels left.
You knew the following spells:

 Your Spells              Type           Power        Failure   Level  Hunger
i - Ice Form              Ice/Tmut       ###.....     21%         4    ####...
k - Sticks to Snakes      Tmut           ###.....     1%          2    None
p - Spider Form           Tmut/Pois      ###.......   6%          3    ##.....


Dungeon Overview and Level Annotations

Branches:
Dungeon (8/15)             Temple (1/1) D:5
   Lair: D:8-11

Altars:
Ashenzari
Cheibriados
Dithmenos
Elyvilon
Hepliaklqana
Makhleb
Nemelex Xobeh
Okawaru
Qazlal
Ru
Trog
Uskayaw
Wu Jian
Xom
Yredelemnul
Zin
Beogh

Annotations:
D:8 RoseArtemis's ghost, novice MiFi


Innate Abilities, Weirdness & Mutations

Your experience applies equally to all skills.
You have very sharp teeth.
Your uncanny sense of smell can sniff out nearby items.


Message History

* * * LOW HITPOINT WARNING * * *
The centaur simulacrum freezes you. You resist.
* * * LOW HITPOINT WARNING * * *
You hit the centaur simulacrum but do no damage.
The centaur simulacrum closely misses you.
You punch the centaur simulacrum!
The centaur simulacrum is severely damaged.
The centaur simulacrum hits you.
* * * LOW HITPOINT WARNING * * *
The centaur simulacrum freezes you. You resist.
* * * LOW HITPOINT WARNING * * *
You punch the centaur simulacrum!
The centaur simulacrum vapourises!
Cheibriados appreciates the change of pace.
It was a potion of magic.
Magic courses through your body.
RoseArtemis's ghost is engulfed in freezing vapours.
RoseArtemis's ghost completely misses you.
The flow of time bends around you.
Cheibriados rebukes RoseArtemis's ghost.
RoseArtemis's ghost seems to slow down.
You feel slightly more hungry.
You hit RoseArtemis's ghost.
RoseArtemis's ghost is lightly damaged.
RoseArtemis's ghost is engulfed in freezing vapours.
RoseArtemis's ghost hits you!
* * * LOW HITPOINT WARNING * * *
As you read the scroll labeled RUELUTHEHOI, it crumbles to dust.
You feel strangely unstable.
It was a scroll of teleportation.
Your surroundings suddenly seem different.
An electric eel comes into view.
Found a scroll of identify.
Your transformation is almost over.
You warm up again.
Your +2 dagger of flaming unmelds from your body.
Your +0 robe unmelds from your body.
Your +2 dagger of flaming bursts into flame!
You hear the brisk hiss of a very distant avalanche of sand.
Your magical contamination has completely faded away.
There is an escape hatch in the floor here.
Found 26 stones.
An electric eel and a white imp come into view.
The white imp shouts!
You hear the quick hiss of a distant avalanche of sand.
The white imp gestures at you. The puff of frost hits you!
* * * LOW HITPOINT WARNING * * *
Casting: Ice Form (slightly dangerous; 19% risk of failure)
Confirm with . or Enter, or press ? or * to list all spells.
You turn into a creature of crystalline ice.
Your +2 dagger of flaming melds into your body.
Your +0 robe melds into your body.
Your +2 dagger of flaming stops flaming.
The white imp gestures at you. The puff of frost hits you! You resist.
* * * LOW HITPOINT WARNING * * *
You hit the white imp but do no damage. The white imp hits you.
* * * LOW HITPOINT WARNING * * *
The white imp freezes you. You resist.
You hit the white imp.
The white imp is moderately wounded.
The white imp gestures at you. The puff of frost misses you.
You hit the white imp.
The white imp is severely wounded.
The white imp shouts, "Scamper home, thou gorbellied fat-kidneyed serf!"
The white imp misses you.
You punch the white imp!
You kill the white imp!
Cheibriados appreciates the change of pace.
You warm up again.
Your +2 dagger of flaming unmelds from your body.
Your +0 robe unmelds from your body.
Your +2 dagger of flaming bursts into flame!
RoseArtemis's ghost barely misses you.
Okay, then.
Okay, then.
Unknown command.
Okay, then.
Okay, then.
It was a potion of curing.
You feel better. RoseArtemis's ghost hits you!
* * * LOW HITPOINT WARNING * * *
It was a potion of heal wounds.
You feel much better. RoseArtemis's ghost hits you!!
* * * LOW HITPOINT WARNING * * *
The flow of time bends around you.
Cheibriados rebukes RoseArtemis's ghost.
RoseArtemis's ghost seems to slow down.
You feel slightly more hungry. RoseArtemis's ghost hits you!!
* * * LOW HITPOINT WARNING * * *
It was a potion of flight.
You feel very buoyant.
You fly up into the air.
It was a potion of agility.
You feel agile all of a sudden. RoseArtemis's ghost hits you.
* * * LOW HITPOINT WARNING * * *
It was a potion of degeneration.
There was something very wrong with that liquid.
You feel weakened.
You feel dopey.
You feel clumsy. RoseArtemis's ghost hits you!
You die...

..........###.#..#....#.#
####.####.# #.#..#.##.#.# #.# #.#
#.#..#[##.#.# ...
####>####.###.#..#)##W#.# ...(
............#<#..#.##J#.####..##.
......_...#.###..#.##.#..........
......8..##..........†#......≈≈≈≈
......_..#######W#.##....≈≈.≈≈≈≈≈
.........# #@####.≈≈≈≈≈......
#.......## #.#..'.≈≈≈....∩..∩
........# #.#.##.≈≈≈≈≈≈.....
#......(# #.# #.....≈≈≈≈≈≈≈
#.......# #.# #.......≈≈.≈≈
#.......# #.# #..##........
#.......# ... ............).
#.......# .......# ######.#.
#.####..# .... .#


You could see RoseArtemis's ghost.

Vanquished Creatures
  A two-headed ogre (D:8)
  2 phantoms
  An ogre (D:5)
  A wolf (D:8)
  3 centaurs
  2 bullfrogs
  A water moccasin zombie (D:5)
  4 crimson imps
  A centaur skeleton (D:8)
  A jelly (D:7)
  2 orc priests
  A centaur zombie (D:8)
  3 hounds
  2 bullfrog skeletons
  Natasha (D:3)
  5 worker ants
  A centaur simulacrum (D:8)
  4 gnolls (D:2)
  2 adders
  A white imp (D:8)
  A worm (D:4)
  A dart slug (D:1)
  An adder simulacrum (D:8)
  10 orcs
  2 bats
  6 giant cockroaches
  5 goblins
  4 hobgoblins
  6 kobolds
  3 quokkas
  A ball python (D:1)
  3 frilled lizards
  A jackal zombie (D:5)
  2 rats
85 creatures vanquished.

Vanquished Creatures (collateral kills)
  An ice beast (D:7)
  An adder zombie (D:3)
  2 orcs (D:7)
  A bat (D:2)
  A goblin (D:2)
  A kobold (D:2)
7 creatures vanquished.

Grand Total: 92 creatures vanquished

Notes
Turn   | Place    | Note
-------+----------+-------------------------------------------
     0 | D:1      | tidbits the Gnoll Transmuter began the quest for the Orb.
     0 | D:1      | Reached XP level 1. HP: 17/17 MP: 6/6
   100 | D:1      | Reached XP level 2. HP: 18/23 MP: 7/7
   108 | D:1      | Learned a level 2 spell: Sticks to Snakes
   255 | D:2      | Reached XP level 3. HP: 20/28 MP: 6/9
   257 | D:2      | Reached skill level 5 in Spellcasting
   292 | D:3      | Learned a level 3 spell: Spider Form
   351 | D:2      | Reached skill level 1 in Invocations
   354 | D:2      | Reached skill level 1 in Short Blades
   354 | D:2      | Reached skill level 1 in Long Blades
   354 | D:2      | Reached skill level 1 in Axes
   354 | D:2      | Reached skill level 1 in Maces & Flails
   354 | D:2      | Reached skill level 1 in Polearms
   354 | D:2      | Reached skill level 1 in Staves
   354 | D:2      | Reached skill level 1 in Slings
   354 | D:2      | Reached skill level 1 in Bows
   354 | D:2      | Reached skill level 1 in Crossbows
   354 | D:2      | Reached skill level 1 in Throwing
   354 | D:2      | Reached skill level 1 in Armour
   354 | D:2      | Reached skill level 1 in Stealth
   354 | D:2      | Reached skill level 1 in Shields
   354 | D:2      | Reached skill level 1 in Evocations
   358 | D:2      | Reached XP level 4. HP: 13/34 MP: 2/11
   422 | D:3      | Noticed Natasha
   440 | D:3      | Killed Natasha
   440 | D:3      | Reached skill level 1 in Conjurations
   440 | D:3      | Reached skill level 1 in Hexes
   440 | D:3      | Reached skill level 1 in Charms
   440 | D:3      | Reached skill level 1 in Summonings
   440 | D:3      | Reached skill level 1 in Necromancy
   440 | D:3      | Reached skill level 1 in Translocations
   440 | D:3      | Reached skill level 1 in Fire Magic
   440 | D:3      | Reached skill level 1 in Ice Magic
   440 | D:3      | Reached skill level 1 in Air Magic
   440 | D:3      | Reached skill level 1 in Earth Magic
   440 | D:3      | Reached skill level 1 in Poison Magic
   524 | D:4      | Reached XP level 5. HP: 23/40 MP: 3/12
   535 | D:4      | Noticed a phantom
   623 | D:4      | Killed a phantom
   623 | D:4      | Reached skill level 3 in Fighting
   623 | D:4      | Reached skill level 4 in Transmutations
   623 | D:4      | Reached skill level 2 in Invocations
   623 | D:4      | Reached XP level 6. HP: 21/47 MP: 4/13
   743 | D:4      | Found a roughly hewn altar of Beogh.
   784 | D:4      | Reached skill level 5 in Dodging
   830 | D:5      | Entered Level 5 of the Dungeon
   866 | D:5      | Reached skill level 2 in Short Blades
   866 | D:5      | Reached skill level 2 in Long Blades
   866 | D:5      | Reached skill level 2 in Axes
   866 | D:5      | Reached skill level 2 in Maces & Flails
   866 | D:5      | Reached skill level 2 in Polearms
   866 | D:5      | Reached skill level 2 in Staves
   866 | D:5      | Reached skill level 2 in Slings
   866 | D:5      | Reached skill level 2 in Bows
   866 | D:5      | Reached skill level 2 in Crossbows
   866 | D:5      | Reached skill level 2 in Throwing
   866 | D:5      | Reached skill level 2 in Armour
   866 | D:5      | Reached skill level 2 in Stealth
   866 | D:5      | Reached skill level 2 in Shields
   866 | D:5      | Reached skill level 2 in Evocations
   955 | D:5      | Found a stormy altar of Qazlal.
  1065 | D:4      | Reached XP level 7. HP: 52/52 MP: 12/15
  1146 | D:5      | Noticed an angel
  1147 | D:5      | Found a shimmering altar of Xom.
  1148 | D:5      | Found a glowing silver altar of Zin.
  1153 | D:5      | Reached skill level 7 in Unarmed Combat
  1195 | D:5      | Reached skill level 2 in Conjurations
  1195 | D:5      | Reached skill level 2 in Hexes
  1195 | D:5      | Reached skill level 2 in Charms
  1195 | D:5      | Reached skill level 2 in Summonings
  1195 | D:5      | Reached skill level 2 in Necromancy
  1195 | D:5      | Reached skill level 2 in Translocations
  1195 | D:5      | Reached skill level 2 in Fire Magic
  1195 | D:5      | Reached skill level 2 in Ice Magic
  1195 | D:5      | Reached skill level 2 in Air Magic
  1195 | D:5      | Reached skill level 2 in Earth Magic
  1195 | D:5      | Reached skill level 2 in Poison Magic
  1439 | D:7      | Reached skill level 3 in Invocations
  1449 | D:7      | Reached XP level 8. HP: 34/60 MP: 11/16
  1520 | D:5      | Reached skill level 4 in Fighting
  1526 | D:5      | Found a staircase to the Ecumenical Temple.
  1534 | D:5      | Reached skill level 3 in Short Blades
  1534 | D:5      | Reached skill level 3 in Long Blades
  1534 | D:5      | Reached skill level 3 in Axes
  1534 | D:5      | Reached skill level 3 in Maces & Flails
  1534 | D:5      | Reached skill level 3 in Polearms
  1534 | D:5      | Reached skill level 3 in Staves
  1534 | D:5      | Reached skill level 3 in Slings
  1534 | D:5      | Reached skill level 3 in Bows
  1534 | D:5      | Reached skill level 3 in Crossbows
  1534 | D:5      | Reached skill level 3 in Throwing
  1534 | D:5      | Reached skill level 3 in Armour
  1534 | D:5      | Reached skill level 3 in Stealth
  1534 | D:5      | Reached skill level 3 in Shields
  1534 | D:5      | Reached skill level 3 in Evocations
  1595 | Temple   | Entered the Ecumenical Temple
  1638 | Temple   | Became a worshipper of Cheibriados the Contemplative
  1686 | D:5      | Reached skill level 6 in Spellcasting
  1756 | D:8      | Learned a level 4 spell: Ice Form
  1787 | D:8      | Noticed a two-headed ogre
  1802 | D:8      | Killed a two-headed ogre
  1802 | D:8      | Reached skill level 6 in Dodging
  1802 | D:8      | Reached skill level 3 in Conjurations
  1802 | D:8      | Reached skill level 3 in Hexes
  1802 | D:8      | Reached skill level 3 in Charms
  1802 | D:8      | Reached skill level 3 in Summonings
  1802 | D:8      | Reached skill level 3 in Necromancy
  1802 | D:8      | Reached skill level 3 in Translocations
  1802 | D:8      | Reached skill level 5 in Transmutations
  1802 | D:8      | Reached skill level 3 in Fire Magic
  1802 | D:8      | Reached skill level 3 in Ice Magic
  1802 | D:8      | Reached skill level 3 in Air Magic
  1802 | D:8      | Reached skill level 3 in Earth Magic
  1802 | D:8      | Reached skill level 3 in Poison Magic
  1802 | D:8      | Reached skill level 4 in Invocations
  1802 | D:8      | Reached XP level 9. HP: 29/66 MP: 15/18
  1817 | D:8      | Found an iron altar of Okawaru.
  1818 | D:8      | Found an ornate altar of the Wu Jian Council.
  1908 | D:7      | Reached skill level 4 in Short Blades
  1908 | D:7      | Reached skill level 4 in Long Blades
  1908 | D:7      | Reached skill level 4 in Axes
  1908 | D:7      | Reached skill level 4 in Maces & Flails
  1908 | D:7      | Reached skill level 4 in Polearms
  1908 | D:7      | Reached skill level 4 in Staves
  1908 | D:7      | Reached skill level 4 in Slings
  1908 | D:7      | Reached skill level 4 in Bows
  1908 | D:7      | Reached skill level 4 in Crossbows
  1908 | D:7      | Reached skill level 4 in Throwing
  1908 | D:7      | Reached skill level 4 in Armour
  1908 | D:7      | Reached skill level 4 in Stealth
  1908 | D:7      | Reached skill level 4 in Shields
  1908 | D:7      | Reached skill level 4 in Evocations
  1917 | D:7      | Found a basalt altar of Yredelemnul.
  1994 | D:8      | Noticed RoseArtemis's ghost (novice MiFi)
  2096 | D:8      | Slain by RoseArtemis's ghost

Vault maps used:
D:1:      lightli_iron_boxes
D:3:      uniq_natasha
D:4:      lemuel_coloured_pillars_altar, first_ration, kennysheep_orc_chapel
D:5:      grunt_temple_overflow_order_and_chaos_1,
          grunt_temple_overflow_magic_moments, nicolae_qazlal_eye_of_the_storm,
          temple_pool_b
D:6:      minitemple, nrook_pool_corridor
D:7:      basic_altar, the_bakery, uniq_prince_ribbit1
D:8:      chequers_temple_overflow_statue_of_worship,
          nicolae_ossuary_entry_monument, serial_ice, serial_ice_n,
          serial_ice_i, serial_ice_m, serial_ice_f, kennysheep_pointless_box,
          minivault_14
Temple:   zaba_magenta_temple

Skill      XL: |  1  2  3  4  5  6  7  8  9 |
---------------+----------------------------+-----
Spellcasting   | 5 6 |  6.5
Invocations    | 1 2 3 4 |  4.4
Short Blades   | 1 2 3 4 |  4.0
Long Blades    | 1 2 3 4 |  4.0
Axes           | 1 2 3 4 |  4.0
Maces & Flails | 1 2 3 4 |  4.0
Polearms       | 1 2 3 4 |  4.0
Staves         | 1 2 3 4 |  4.0
Slings         | 1 2 3 4 |  4.0
Bows           | 1 2 3 4 |  4.0
Crossbows      | 1 2 3 4 |  4.0
Throwing       | 1 2 3 4 |  4.0
Armour         | 1 2 3 4 |  4.0
Stealth        | 1 2 3 4 |  4.0
Shields        | 1 2 3 4 |  4.0
Evocations     | 1 2 3 4 |  4.0
Conjurations   | 1 2 3 |  3.3
Hexes          | 1 2 3 |  3.3
Charms         | 1 2 3 |  3.3
Summonings     | 1 2 3 |  3.3
Necromancy     | 1 2 3 |  3.3
Translocations | 1 2 3 |  3.3
Fire Magic     | 1 2 3 |  3.3
Ice Magic      | 1 2 3 |  3.3
Air Magic      | 1 2 3 |  3.3
Earth Magic    | 1 2 3 |  3.3
Poison Magic   | 1 2 3 |  3.3
Fighting       | 3 4 |  4.9
Transmutations | 4 5 |  5.1
Dodging        | 5 6 |  6.2
Unarmed Combat | 7 |  7.8

Action                   |  1- 3 |  4- 6 |  7- 9 || total
-------------------------+-------+-------+-------++-------
Melee: Unarmed           |    56 |    78 |   133 ||   267
       Headbutt          |     8 |       |       ||     8
       Bite              |     5 |       |       ||     5
       Punch             |     1 |       |     1 ||     2
       Kick              |     2 |       |       ||     2
Throw: Stone             |     2 |       |       ||     2
       Tomahawk          |       |       |     3 ||     3
 Cast: Beastly Appendage |     8 |       |       ||     8
       Sticks to Snakes  |     3 |     5 |    10 ||    18
       Spider Form       |     1 |    16 |    18 ||    35
       Ice Form          |       |       |     3 ||     3
Invok: Bend Time         |       |       |     2 ||     2
 Abil: End Transformatio |       |       |     2 ||     2
Evoke: Wand              |       |       |     1 ||     1
  Use: Potion            |       |     1 |     6 ||     7
       Scroll            |       |       |     6 ||     6
 Stab: Distracted        |       |     1 |     3 ||     4
       Sleeping          |       |     2 |     2 ||     4
  Eat: Chunk             |       |     2 |     1 ||     3
       Ration            |       |       |     2 ||     2
Armor: Robe              |     9 |     1 |       ||    10
       Skin              |       |     2 |     9 ||    11
Dodge: Dodged            |    43 |    50 |   118 ||   211

Table legend:
 A = Spawn XP
 B = Non-spawn XP
 C = Spawn XP percentage of total XP
 D = Spawn monster count
 E = Non-spawn monster count
 F = Spawn count percentage of total count
 G = Total turns spent on level
                    A         B        C        D         E        F      G
               +---------+---------+-------+---------+---------+-------+---------
         Total |       0 |    3091 |   0.0 |       0 |      92 |   0.0 |  2096
               +---------+---------+-------+---------+---------+-------+---------
           D:1 |       0 |      24 |   0.0 |       0 |      13 |   0.0 |   218
           D:2 |       0 |      69 |   0.0 |       0 |      12 |   0.0 |    79
           D:3 |       0 |      53 |   0.0 |       0 |      11 |   0.0 |   159
           D:4 |       0 |     463 |   0.0 |       0 |      14 |   0.0 |   487
           D:5 |       0 |     692 |   0.0 |       0 |      16 |   0.0 |   420
           D:6 |       0 |      47 |   0.0 |       0 |       1 |   0.0 |   181
           D:7 |       0 |     446 |   0.0 |       0 |      11 |   0.0 |   241
           D:8 |       0 |    1297 |   0.0 |       0 |      14 |   0.0 |   247
               +---------+---------+-------+---------+---------+-------+---------

Table legend:
 A = Turns spent in this place as a percentage of turns spent in the entire game.
 B = Non-inter-level travel turns spent in this place as a percentage of non-inter-level travel turns spent in the entire game.
 C = Inter-level travel turns spent in this place as a percentage of turns spent in this place.
 D = Turns resting spent in this place as a percentage of non-inter-level travel turns spent in this place.
 E = Turns spent auto-exploring this place as a percentage of non-inter-level travel turns spent in this place.
 F = Non-inter-level travel turns spent in this place divided by the number of levels of this place that you've seen.
                   A       B       C       D       E      F
               +-------+-------+-------+-------+-------+----------------------
         Total | 100.0 | 100.0 |   1.0 |   0.0 |   0.0 | 230.6
       Dungeon |  96.9 |  97.7 |   0.2 |   0.0 |   0.0 | 253.4
        Temple |   3.1 |   2.3 |  25.0 |   0.0 |   0.0 |  48.0
               +-------+-------+-------+-------+-------+----------------------

Table legend:
 A = Kills in this place as a percentage of kills in entire the game.
 B = Kills by you in this place as a percentage of kills by you in the entire game.
 C = Kills by friends in this place as a percentage of kills by friends in the entire game.
 D = Other kills in this place as a percentage of other kills in the entire game.
 E = Experience gained in this place as a percentage of experience gained in the entire game.
 F = Experience gained in this place divided by the number of levels of this place that you have seen.
                   A       B       C       D       E      F
               +-------+-------+-------+-------+-------+----------------------
         Total | 100.0 | 100.0 | 100.0 |   N/A | 100.0 | 343.4
       Dungeon | 100.0 | 100.0 | 100.0 |   N/A | 100.0 | 386.4
               +-------+-------+-------+-------+-------+----------------------

Vault maps used:
D:1:      lightli_iron_boxes
D:3:      uniq_natasha
D:4:      lemuel_coloured_pillars_altar, first_ration, kennysheep_orc_chapel
D:5:      grunt_temple_overflow_order_and_chaos_1,
          grunt_temple_overflow_magic_moments, nicolae_qazlal_eye_of_the_storm,
          temple_pool_b
D:6:      minitemple, nrook_pool_corridor
D:7:      basic_altar, the_bakery, uniq_prince_ribbit1
D:8:      chequers_temple_overflow_statue_of_worship,
          nicolae_ossuary_entry_monument, serial_ice, serial_ice_n,
          serial_ice_i, serial_ice_m, serial_ice_f, kennysheep_pointless_box,
          minivault_14
Temple:   zaba_magenta_temple
